[Event "Team 45 45 League T31"]
[Site "Internet Chess Club"]
[Date "2006.07.16"]
[Round "4"]
[White "john-beebs"]
[Black "dougmo"]
[Result "1-0"]
[WhiteElo "1543"]
[BlackElo "1552"]
[TimeControl "2700+45"]

1. e4 e6 2. d4 d5 3. Nc3 Nf6 4. e5 Nfd7 5. Nf3 c5 6. Bg5 Be7 7. Bxe7 Qxe7 8. Nb5
Nb6 9. Nd6+ Kf8 10. dxc5 Na4 11. Nxc8 Qxc5 12. Nd6 Nc6 13. Rb1 Nxe5 14. Nxe5
Qxd6 15. Qd4 Nb6 16. Qf4 Qe7 17. Bd3 f6 18. Bxh7 {Black resigns} 1-0  aics% 
Unicornio21(*)(71): en unos momentos tendremos PlaytheMaster con Ardetroya1
aics%

[Event "Team 45 45 League T31"]
[Site "Internet Chess Club"]
[Date "2006.07.17"]
[Round "4"]
[White "Two-DogMan"]
[Black "BraafPaard"]
[Result "0-1"]
[WhiteElo "1427"]
[BlackElo "1519"]
[TimeControl "2700+45"]

1. e4 d5 2. exd5 Qxd5 3. Nc3 Qd6 4. Nf3 Nf6 5. Be2 a6 6. h3 e5 7. O-O Be7 8. Ng5
h6 9. Nge4 Nxe4 10. Nxe4 Qg6 11. Ng3 Nc6 12. d3 Bg5 13. Bf3 Bd7 14. Be4 f5 15.
Bd5 O-O-O 16. f4 Bh4 17. Nh1 Be8 18. Qf3 Nd4 19. Bxb7+ Kb8 20. Qd1 Kxb7 21. fxe5
Bc6 22. g4 fxg4 23. Qxg4 Qxg4+ 24. hxg4 Nf3+ 25. Kg2 Nd2+ 26. Kh3 Nxf1 27. Kxh4
Bxh1 28. Bf4 g5+ 29. Bxg5 hxg5+ 30. Kxg5 Rhf8 31. e6 Rde8 32. Re1 Bd5 33. c4
Bxe6 34. b4 Bxg4 35. Rc1 Ne3 36. a4 Re5+ 37. Kh4 Rh8+ 38. Kg3 Rh3+ 39. Kf4 Re7
40. b5 a5 41. c5 c6 42. bxc6+ Kxc6 43. d4 Bd1 44. Rb1 Rb7 45. Rc1 Rb4 46. Ke5
Rxa4 47. Rb1 Rb4 48. Ra1 a4 49. Ra2 Nc2 50. d5+ Kxc5 51. d6 Rd3 52. Rxc2+ Bxc2
{White resigns} 0-1

[Event "Team 45 45 League T31"]
[Site "Internet Chess Club"]
[Date "2006.07.16"]
[Round "4"]
[White "Club-17"]
[Black "gartman"]
[Result "1-0"]
[WhiteElo "1768"]
[BlackElo "1625"]
[TimeControl "2700+45"]

1. e4 c5 2. Nf3 d6 3. Nc3 Nf6 4. Bb5+ Bd7 5. a4 Nc6 6. O-O g6 7. e5 Nxe5 8. Nxe5
dxe5 9. Re1 a6 10. Bxd7+ Nxd7 11. Qf3 Rb8 12. d3 e6 13. Qg3 Bg7 14. a5 O-O 15.
Ne4 f5 16. Nd2 b5 17. axb6 Qxb6 18. Nc4 Qc6 19. b3 e4 20. Bb2 Bxb2 21. Nxb2 exd3
22. Qxd3 Qd5 23. Rxa6 Qxd3 24. Nxd3 e5 25. Nxe5 Nxe5 26. Rxe5 c4 27. Re3 cxb3
28. cxb3 Rfc8 29. g3 Rc1+ 30. Kg2 Rb1 31. Ra7 R1xb3 32. Ree7 h5 33. Rg7+ Kh8 34.
Rh7+ Kg8 35. Rag7+ Kf8 36. Rxg6 R3b6 37. Rxb6 Rxb6 38. Rxh5 Rf6 39. h4 Kg7 40.
Kf3 Kg6 41. Rg5+ Kh6 42. Kf4 {Black resigns} 1-0  aics%

[Event "Team 45 45 League T31"]
[Site "Internet Chess Club"]
[Date "2006.07.15"]
[Round "4"]
[White "C-Jones"]
[Black "Smart"]
[Result "1-0"]
[WhiteElo "1632"]
[BlackElo "1663"]
[TimeControl "2700+45"]

1. e4 d6 2. d4 Nf6 3. Nc3 g6 4. Nf3 Bg7 5. h3 O-O 6. Bc4 c5 7. dxc5 Qa5 8. cxd6
Nxe4 9. dxe7 Re8 10. O-O Nxc3 11. bxc3 Bxc3 12. Rb1 Rxe7 13. Rb5 Qc7 14. Ba3 Re8
15. Rc5 Qd8 16. Qxd8 Rxd8 17. Ng5 Nd7 18. Bxf7+ Kg7 19. Rxc3 h6 20. Ne6+ Kxf7
21. Nxd8+ Kf6 22. Re1 Ne5 23. f4 Nd7 24. Re6+ Kf5 25. g4+ Kxf4 26. Bc1# {Black
checkmated} 1-0  aics%

[Event "Team 45 45 League T31"]
[Site "Internet Chess Club"]
[Date "2006.07.17"]
[Round "4"]
[White "rabanito"]
[Black "Fegary"]
[Result "0-1"]
[WhiteElo "1545"]
[BlackElo "1622"]
[TimeControl "2700+45"]

1. e4 d6 2. d4 Nf6 3. Nc3 g6 4. Nf3 Bg7 5. Be2 O-O 6. O-O c6 7. a4 Nbd7 8. e5
Ne8 9. e6 fxe6 10. Ng5 Nc7 11. Bg4 Nf6 12. Bh3 h6 13. Nf3 g5 14. Nd2 g4 15. Bxg4
Nxg4 16. Qxg4 e5 17. Qg3 exd4 18. Nde4 Kh7 19. Bxh6 Bxh6 20. Qh4 dxc3 21. bxc3
e5 22. Qh5 d5 23. Qxe5 {White resigns} 0-1  aics%

[Event "Team 45 45 League T31"]
[Site "Internet Chess Club"]
[Date "2006.07.16"]
[Round "4"]
[White "chesskix"]
[Black "QuaqQuao"]
[Result "0-1"]
[WhiteElo "1457"]
[BlackElo "1662"]
[TimeControl "2700+45"]

1. Nf3 Nf6 2. c4 g6 3. d4 d5 4. Bg5 Bg7 5. e3 O-O 6. Nc3 c6 7. cxd5 cxd5 8. Be2
Nc6 9. a3 Ne4 10. Bf4 e6 11. Nxe4 dxe4 12. Ng5 f5 13. Bc4 Qa5+ 14. Ke2 b5 15. b4
Qb6 16. Bxe6+ Bxe6 17. Nxe6 Rf7 18. Nxg7 Kxg7 19. Rc1 Nd8 20. h4 Ne6 21. Be5+
Kg8 22. g3 Nd8 23. Bf4 Rd7 24. Qb3+ Qe6 25. Qxe6+ Nxe6 26. Be5 a5 27. Rc6 Kf7
28. Rhc1 axb4 29. axb4 Ra2+ 30. R1c2 Rda7 31. d5 Rxc2+ 32. Rxc2 Nd8 33. Rc7+
Rxc7 34. Bxc7 Nb7 35. Kd2 Ke8 36. Kc3 Kd7 37. Bf4 Nd6 38. Bxd6 Kxd6 39. Kd4 h5
40. Kc3 Kxd5 41. Kb3 Kd6 42. Kc3 Ke5 43. Kb3 f4 44. gxf4+ Kf5 45. Kc3 Kg4 46.
Kd4 Kxh4 47. Kxe4 Kg4 {White resigns} 0-1  aics%

[Event "Team 45 45 League T31"]
[Site "Internet Chess Club"]
[Date "2006.07.13"]
[Round "4"]
[White "twinders"]
[Black "Mikey29a"]
[Result "1-0"]
[WhiteElo "1685"]
[BlackElo "1657"]
[TimeControl "2700+45"]

1. d4 Nf6 2. c4 c5 3. d5 e6 4. dxe6 fxe6 5. Nf3 d5 6. cxd5 exd5 7. Bg5 Be7 8. e3
O-O 9. Bd3 Be6 10. O-O Nc6 11. Nbd2 c4 12. Bc2 b5 13. a3 a5 14. Re1 Ng4 15. Bxe7
Qxe7 16. Nd4 Nxd4 17. exd4 Qf7 18. Nf3 b4 19. axb4 axb4 20. h3 Nh6 21. Rxa8 Rxa8
22. Ng5 Qf6 23. Nxe6 Re8 24. Nc5 Rf8 25. Re2 b3 26. Bxb3 cxb3 27. Nd7 {Black
resigns} 1-0  aics%

[Event "Team 45 45 League T31"]
[Site "Internet Chess Club"]
[Date "2006.07.14"]
[Round "4"]
[White "Ulrika"]
[Black "SargentBono"]
[Result "1-0"]
[WhiteElo "1590"]
[BlackElo "1582"]
[TimeControl "2700+45"]

1. c4 Nc6 2. Nf3 Nf6 3. Nc3 e5 4. d4 exd4 5. Nxd4 Bb4 6. Bg5 h6 7. Bxf6 Qxf6 8.
e3 O-O 9. Be2 d6 10. O-O Bxc3 11. bxc3 Bd7 12. Bf3 Rab8 13. Nxc6 bxc6 14. Qd4
Qxd4 15. cxd4 Rb2 16. Rfb1 Rfb8 17. Be4 Be6 18. Rxb2 Rxb2 19. a3 Bxc4 20. Bxc6
Kf8 21. g3 Bb3 22. Kg2 Ke7 23. e4 Ke6 24. Rc1 a5 25. Bd5+ Bxd5 26. exd5+ Kxd5
27. Rxc7 Ke6 28. Ra7 Rd2 29. Rxa5 Rxd4 30. Kf3 Rd2 31. Ke3 Ra2 32. h4 g5 33.
hxg5 hxg5 34. f4 gxf4+ 35. Kxf4 Rf2+ 36. Ke3 Rg2 37. Kf3 Rb2 38. a4 Rb3+ 39. Kf4
Ra3 40. g4 f6 41. Ra6 Ra1 42. Ra8 Ra2 43. a5 Ra4+ 44. Kg3 d5 45. a6 Kd7 46. a7
Kc7 47. Rf8 Ra5 {Black resigns} 1-0  aics%

[Event "Team 45 45 League T31"]
[Site "Internet Chess Club"]
[Date "2006.07.17"]
[Round "4"]
[White "SambaChess"]
[Black "stan194803"]
[Result "1-0"]
[WhiteElo "1583"]
[BlackElo "1410"]
[TimeControl "2700+45"]

1. d4 d5 2. c4 e6 3. Nc3 Nf6 4. cxd5 exd5 5. Bg5 c6 6. e3 Bb4 7. Bd3 h6 8. Bf4
Be6 9. Nf3 Ne4 10. Qc2 Nd7 11. O-O Ndf6 12. Nxe4 Nxe4 13. Bxe4 dxe4 14. Qxe4 O-O
15. d5 Bxd5 16. Qxb4 Bxf3 17. gxf3 b6 18. Rad1 Qf6 19. Rd6 Qe7 20. Qe4 Qb7 21.
Qxc6 Qa6 22. Qd5 Qc8 23. Rd1 Qc2 24. Rd7 Qg6+ 25. Kh1 Kh7 26. Rg1 Qf6 27. Be5
{Black resigns} 1-0  aics%

[Event "Team 45 45 League T31"]
[Site "Internet Chess Club"]
[Date "2006.07.14"]
[Round "4"]
[White "Gomer"]
[Black "PawnSensei"]
[Result "1/2-1/2"]
[WhiteElo "1326"]
[BlackElo "1447"]
[TimeControl "2700+45"]

1. e4 e5 2. Bc4 Nf6 3. d3 d5 4. exd5 Nxd5 5. Nc3 Bb4 6. Bd2 c6 7. Nf3 Nxc3 8.
Bxc3 Bxc3+ 9. bxc3 Qe7 10. O-O O-O 11. Re1 Nd7 12. Qe2 Re8 13. Qe4 Kh8 14. d4 f6
15. Bd3 g6 16. Nh4 Nf8 17. f4 Bd7 18. fxe5 fxe5 19. Nf3 Qa3 20. dxe5 Qxc3 21.
Ng5 Bf5 22. Qe2 Re7 23. Bxf5 gxf5 24. Qf2 h6 25. Qxf5 Rae8 26. Qf6+ Kg8 27. Nf3
Qxc2 28. Qxh6 Rh7 29. Qd2 Qg6 30. Qf2 b6 31. Qg3 Qxg3 32. hxg3 Rg7 33. Kf2 Ne6
34. Rad1 c5 35. Rh1 Ng5 36. Rh5 Ne4+ 37. Ke3 Nxg3 38. Rg5 Rxg5 39. Nxg5 Rxe5+
40. Kf4 Rf5+ 41. Kg4 Rf2 42. Kxg3 Rxa2 43. Rd8+ Kg7 44. Ne4 Kf7 45. Kf3 c4 46.
g4 b5 47. Rd5 b4 48. Rc5 c3 49. Nxc3 Ra3 50. Rc7+ Kg6 51. Rc6+ Kg7 52. Rc7+ Kf6
53. Rc6+ Ke7 54. Kf4 Rxc3 55. Ra6 Rc7 56. Ra1 b3 57. Re1+ Kf7 58. Rb1 Rb7 59.
Ke3 a5 60. Kd3 a4 61. Kc3 Kg6 62. Kb2 Rf7 63. Ka3 Rf4 64. Kb2 Rxg4 65. Ra1 Kf6
66. Re1 Rg7 67. Re4 Ra7 68. Re1 Re7 69. Ra1 Re4 70. Ka3 Ke5 71. Rc1 Kd5 72. Rc8
Kd6 73. Kb2 Rb4 74. Rc1 Rb5 75. Ra1 Ra5 76. Rc1 Rc5 77. Ra1 Rc4 78. Rh1 Rc2+ 79.
Ka3 b2 80. Rb1 Rc3+ 81. Kxa4 Rc2 82. Kb3 Rd2 {Game drawn by mutual agreement}
1/2-1/2  aics%

[Event "Team 45 45 League T31"]
[Site "Internet Chess Club"]
[Date "2006.07.13"]
[Round "4"]
[White "parrot9"]
[Black "chiiwen"]
[Result "1/2-1/2"]
[WhiteElo "1734"]
[BlackElo "1655"]
[TimeControl "2700+45"]

1. e4 c5 2. Nf3 Nc6 3. d4 cxd4 4. Nxd4 g6 5. Nc3 Bg7 6. Be3 Nf6 7. Qd2 Ng4 8.
O-O-O Nxe3 9. fxe3 O-O 10. h4 h5 11. Be2 Kh7 12. g4 Nxd4 13. exd4 Bh6 14. g5 Bg7
15. e5 d6 16. exd6 Qxd6 17. Ne4 Qe6 18. Nc3 Bd7 19. Qd3 Qf5 20. Qe3 Qe6 {Game
drawn by mutual agreement} 1/2-1/2  aics%

[Event "Team 45 45 League T31"]
[Site "Internet Chess Club"]
[Date "2006.07.13"]
[Round "4"]
[White "Avedldesierto"]
[Black "siddhu"]
[Result "0-1"]
[WhiteElo "1687"]
[BlackElo "1777"]
[TimeControl "2700+45"]

1. e4 e5 2. Nf3 Nc6 3. Bc4 Bc5 4. d4 Bxd4 5. Nxd4 Nxd4 6. Qh5 Qf6 7. Na3 d6 8.
Bg5 Qg6 9. Qxg6 fxg6 10. c3 Ne6 11. Bxe6 Bxe6 12. Nb5 Kd7 13. f3 c6 14. Na3 h6
15. Be3 Nf6 16. b3 Kc7 17. c4 g5 18. h3 Nh5 19. Kf2 Nf4 20. Bxf4 gxf4 21. Rhg1
g5 22. Rac1 Rhg8 23. Nb1 h5 24. Nc3 g4 25. Nd5+ Bxd5 26. cxd5 gxh3 27. dxc6
Rxg2+ 28. Rxg2 hxg2 29. Kxg2 Rg8+ 30. Kf2 bxc6 31. Rh1 Rg5 32. Rd1 Kd7 33. b4 a6
34. a4 Rg8 35. Rh1 Rb8 36. Rxh5 Rxb4 37. Rh7+ Kc8 38. a5 Rb2+ 39. Ke1 Rb7 40.
Rh6 Rd7 41. Kd2 c5 42. Kd3 Kc7 43. Kc4 Kc6 44. Rh8 Rb7 45. Rc8+ Kd7 46. Ra8 Rb4+
47. Kc3 Ra4 48. Rxa6 Ra3+ 49. Kc4 Rxf3 50. Ra7+ Ke6 51. Rh7 Re3 52. a6 Rxe4+ 53.
Kd3 Ra4 54. a7 Kd5 55. Rc7 Ra3+ 56. Ke2 f3+ 57. Kf2 Kd4 58. Rd7 d5 59. Re7 e4
60. Rd7 Ra2+ 61. Kg3 c4 62. Rb7 c3 63. Rb4+ Kd3 64. Rb5 d4 65. Rb1 c2 {White
forfeits on time} 0-1  aics%

[Event "Team 45 45 League T31"]
[Site "Internet Chess Club"]
[Date "2006.07.15"]
[Round "4"]
[White "clarnibass"]
[Black "HoHo"]
[Result "1-0"]
[WhiteElo "1767"]
[BlackElo "1684"]
[TimeControl "2700+45"]

1. d4 d5 2. Nf3 Nf6 3. c4 c6 4. Nc3 Bf5 5. cxd5 cxd5 6. Qb3 b6 7. Bg5 e6 8. e4
dxe4 9. Bb5+ Ke7 10. Ne5 Qd6 11. Bf4 Kd8 12. Nxf7+ {Black resigns} 1-0  aics%

[Event "Team 45 45 League T31"]
[Site "Internet Chess Club"]
[Date "2006.07.13"]
[Round "4"]
[White "Knightstorm57"]
[Black "VentasD"]
[Result "1-0"]
[WhiteElo "1865"]
[BlackElo "2156"]
[TimeControl "2700+45"]

1. c4 c6 2. d4 Nf6 3. Nc3 d5 4. Bg5 Nbd7 5. Nf3 dxc4 6. a4 Nd5 7. e4 Nxc3 8.
bxc3 Qa5 9. Bd2 Nb6 10. Ne5 Be6 11. f4 f6 12. Nf3 Bf7 13. Be2 g6 14. O-O Bg7 15.
Qc2 O-O 16. Be3 Nd7 17. Nd2 Nb6 18. Rfb1 f5 19. Rb4 fxe4 20. Nxc4 Nxc4 21. Bxc4
Bxc4 22. Rxc4 Qa6 23. Rb4 c5 24. dxc5 e5 25. fxe5 Bxe5 26. Bd4 Qf6 27. Qxe4 Rae8
28. Qd5+ Kh8 29. Rxb7 a5 30. Qd7 Bxd4+ 31. Qxd4 Re5 32. h3 {Black forfeits on
time} 1-0  aics%

[Event "Team 45 45 League T31"]
[Site "Internet Chess Club"]
[Date "2006.07.16"]
[Round "4"]
[White "mitus"]
[Black "Hazy"]
[Result "0-1"]
[WhiteElo "1827"]
[BlackElo "1895"]
[TimeControl "2700+45"]

1. e4 e5 2. Nf3 Nc6 3. Bb5 a6 4. Ba4 Nf6 5. O-O d6 6. Re1 b5 7. Bb3 Na5 8. c3
Nxb3 9. axb3 c5 10. d4 cxd4 11. cxd4 Bg4 12. d5 Be7 13. Nc3 O-O 14. Be3 Qb8 15.
h3 Bh5 16. Bg5 b4 17. Bxf6 Bxf6 18. Na4 Rc8 19. Qd3 Qa7 20. Rac1 Bd8 21. Nh4
{White resigns} 0-1  aics%

[Event "Team 45 45 League T31"]
[Site "Internet Chess Club"]
[Date "2006.07.17"]
[Round "4"]
[White "jazzyjoe"]
[Black "LittleBunny"]
[Result "1-0"]
[WhiteElo "1761"]
[BlackElo "1313"]
[TimeControl "2700+45"]

1. e4 e5 2. Nf3 Nc6 3. Bc4 Nf6 4. d3 Bc5 5. Nc3 O-O 6. Bg5 h6 7. Bxf6 Qxf6 8.
Nd5 Qg6 9. O-O d6 10. Bb5 Kh8 11. Bxc6 bxc6 12. Nxc7 Rb8 13. Qe2 Bb6 14. Nb5
cxb5 15. c3 Bg4 16. Rfe1 Rfe8 17. Rad1 Rbd8 18. a4 a6 19. a5 Ba7 20. Kh1 Rd7 21.
Nh4 Qg5 22. f3 Be6 23. g3 d5 24. exd5 Bxd5 25. Ng2 Re6 26. Ra1 Qh5 27. Rf1 Rf6
28. Ne1 Bb8 29. Kg2 Be6 30. Kh1 Bd5 31. Kg2 Rdd6 32. Nc2 Be6 33. g4 Qg5 34. Nb4
e4 35. Qxe4 Qd2+ 36. Rf2 Qg5 37. d4 Rf4 38. Qe5 Rd8 39. Qxg5 hxg5 40. Nxa6 Bd6
41. Nc5 Bc8 42. Nd3 Rf6 43. a6 Rh6 44. h3 Re8 45. a7 Bb7 46. Nc5 Ba8 47. Ne4 Bf4
48. Rff1 Bc7 49. Nxg5 Rf6 50. Rfe1 Ree6 51. Nxe6 fxe6 52. Re3 Bf4 53. Re4 g5 54.
Ra6 Rf7 55. Rexe6 Bc1 56. Re8+ Kg7 57. Rxa8 Bxb2 58. Rc8 Re7 59. a8=Q Re2+ 60.
Kg3 Kf7 61. Qb7+ Re7 62. Qd5+ Re6 63. Qxe6+ Kg7 64. Ra7# {Black checkmated} 1-0 
aics%

[Event "Team 45 45 League T31"]
[Site "Internet Chess Club"]
[Date "2006.07.17"]
[Round "4"]
[White "Garath"]
[Black "Changuito-77"]
[Result "0-1"]
[WhiteElo "1165"]
[BlackElo "1626"]
[TimeControl "2700+45"]

1. e4 e5 2. Nf3 Nc6 3. Bb5 a6 4. Ba4 Nf6 5. O-O b5 6. Bb3 Be7 7. Re1 d6 8. c3
O-O 9. d4 Bg4 10. Nbd2 exd4 11. h3 dxc3 12. hxg4 cxd2 13. Bxd2 Ne5 14. g5 Nfg4
15. Nxe5 Nxe5 16. Rc1 Nd3 17. Ba5 Nxc1 18. Qxc1 Bxg5 19. f4 Bh4 20. Rd1 Qe7 21.
Bxc7 Rac8 22. Bd5 Rxc7 23. Qb1 {White resigns} 0-1  aics%

[Event "Team 45 45 League T31"]
[Site "Internet Chess Club"]
[Date "2006.07.13"]
[Round "4"]
[White "Allessia"]
[Black "Legal"]
[Result "1-0"]
[WhiteElo "2162"]
[BlackElo "2053"]
[TimeControl "2700+45"]

1. e4 d5 2. Nc3 Nf6 3. e5 Nfd7 4. Nxd5 Nxe5 5. Ne3 c5 6. Nf3 Qd6 7. Nc4 Nxf3+ 8.
Qxf3 Qe6+ 9. Ne3 Nc6 10. Bc4 Ne5 11. Bb5+ Nd7 12. O-O Qf6 13. Bxd7+ Bxd7 14.
Qxb7 Bc6 15. Qc7 g6 16. Ng4 Qe6 17. Ne5 Rc8 18. Qxa7 Qxe5 19. Qa6 Qc7 20. Qc4
Bg7 21. Qxc5 O-O 22. c3 e5 23. Qe3 Rfd8 24. b3 Qd6 25. f3 f5 26. Rd1 e4 27. fxe4
Bxe4 28. d4 Qc6 29. Bb2 Bxg2 30. c4 Re8 31. Qf2 Bf3 32. d5 Qc5 33. Qxc5 Rxc5 34.
Bxg7 Bxd1 35. Bd4 Ra5 36. Rxd1 Rxa2 37. d6 Rd8 38. c5 Rc2 39. b4 Kf7 40. Re1 Rc4
41. Re7+ Kf8 42. Bg7+ Kg8 43. d7 Rg4+ 44. Kh1 Rxb4 45. Re8+ Kxg7 46. Rxd8 f4 47.
Rc8 f3 48. Kg1 {Black resigns} 1-0  aics%

[Event "Team 45 45 League T31"]
[Site "Internet Chess Club"]
[Date "2006.07.13"]
[Round "4"]
[White "Squaredance"]
[Black "QuantumWell"]
[Result "1-0"]
[WhiteElo "1932"]
[BlackElo "1947"]
[TimeControl "2700+45"]

1. Nc3 d5 2. e4 d4 3. Nce2 e5 4. Ng3 Nf6 5. Bc4 Nc6 6. Nf3 Bc5 7. O-O O-O 8. d3
Qe7 9. Nh4 Qd8 10. Nhf5 Ne7 11. Qf3 Nxf5 12. Nxf5 a6 13. Bg5 Be7 14. Nxe7+ Qxe7
15. Qg3 Qd6 16. f4 Ng4 17. fxe5 Qxe5 18. Bf4 Qh5 19. h3 Nf6 20. Bxc7 Kh8 21. Be5
Qh6 22. Bxd4 Be6 23. Bb3 Rac8 24. Rf2 Bxb3 25. axb3 Nd7 26. Raf1 f6 27. Bc3 Rf7
28. Rf4 Rc5 29. Rh4 Rh5 30. Bd2 g5 31. Rxh5 Qxh5 32. Qc7 Ne5 33. Qb8+ Kg7 34.
Bc3 Nc6 35. Qd6 Qg6 36. e5 fxe5 37. Bxe5+ Kg8 38. Qxg6+ hxg6 39. Rxf7 Kxf7 40.
d4 Nxe5 41. dxe5 Ke6 42. Kf2 Kxe5 43. Kg3 Kf5 44. b4 g4 45. h4 b6 46. c4 Ke5 47.
Kxg4 Kd4 48. Kg5 Kxc4 49. Kxg6 Kxb4 50. h5 Kb3 51. h6 Kxb2 52. h7 a5 53. h8=Q+
Kb3 54. Qb8 a4 55. Qxb6+ Kc4 56. Qb2 {Black resigns} 1-0  aics%

[Event "Team 45 45 League T31"]
[Site "Internet Chess Club"]
[Date "2006.07.16"]
[Round "4"]
[White "narog"]
[Black "JaiHanuman"]
[Result "0-1"]
[WhiteElo "2026"]
[BlackElo "1921"]
[TimeControl "2700+45"]

1. d4 e6 2. Bf4 Nf6 3. e3 c5 4. h3 Nc6 5. c3 d5 6. Bd3 Bd6 7. Bxd6 Qxd6 8. Nf3
e5 9. dxe5 Nxe5 10. Bc2 O-O 11. Nbd2 Bd7 12. Qe2 Nxf3+ 13. gxf3 d4 14. cxd4 cxd4
15. Qd3 Rfe8 16. O-O-O Rac8 17. Kb1 Qb4 18. Nb3 dxe3 19. fxe3 Bb5 20. Qf5 Bc4
21. Rhg1 Bxb3 22. Bxb3 Qe7 23. e4 g6 24. Qg5 Qe5 25. Qe3 Rc7 26. Qxa7 Rec8 27.
Qe3 Nh5 28. Rg4 Qh2 29. f4 Nf6 30. Rgg1 Nh5 31. Rdf1 Nf6 32. e5 Rc2 33. exf6
Rxb2+ 34. Ka1 Ra8 35. Qc3 Rbxa2+ 36. Kb1 Re2 37. Rc1 Rae8 38. Rgd1 Qxf4 39. Rc2
Qf5 40. Rc1 h5 41. Kb2 R2e3 42. Qd4 Qb5 43. Qc4 Qe5+ 44. Kb1 Qxf6 45. Rf1 Rxb3+
46. Qxb3 Qxf1+ 47. Kb2 Re1 48. Ka3 Ra1+ 49. Kb4 Rb1 50. Rb2 Qf4+ 51. Kc3 Qf6+
52. Kc2 Rxb2+ 53. Qxb2 Qxb2+ 54. Kxb2 f5 55. Kc3 g5 56. Kd3 g4 57. hxg4 hxg4 58.
Ke3 b5 59. Kf4 b4 60. Kxf5 g3 61. Ke4 g2 62. Kd3 g1=Q 63. Kd2 Qc5 64. Kd3 b3 65.
Kd2 b2 66. Kd3 b1=Q+ 67. Kd2 Qb3 68. Ke2 Qcc2+ {White resigns} 0-1  aics% 
Unicornio21(*)(71): trae agua para aca aics%

[Event "Team 45 45 League T31"]
[Site "Internet Chess Club"]
[Date "2006.07.14"]
[Round "4"]
[White "SkinnyPuppy"]
[Black "onslaught"]
[Result "1-0"]
[WhiteElo "2156"]
[BlackElo "2052"]
[TimeControl "2700+45"]

1. e4 e6 2. d3 d5 3. Nd2 Nf6 4. Ngf3 b6 5. g3 Ba6 6. e5 Nfd7 7. Bg2 Nc6 8. Qe2
Nb4 9. Nf1 c5 10. a3 Nc6 11. h4 Qc8 12. c4 dxc4 13. dxc4 Na5 14. N1d2 Qc7 15.
O-O Rd8 16. Rb1 Be7 17. Re1 h6 18. b3 Bb7 19. Bb2 O-O 20. Bc3 Nc6 21. Nf1 Nd4
22. Nxd4 cxd4 23. Bxb7 dxc3 24. Be4 Bxa3 25. Bc2 Rfe8 26. Qd3 Nf8 27. Qxc3 a5
28. Re4 Rd7 29. Nh2 Bb4 30. Qf3 Rd2 31. Re2 Red8 32. Nf1 R2d4 33. Nh2 a4 34.
bxa4 Rxc4 35. Bd3 Rc1+ 36. Nf1 Rc3 37. Rxb4 Rdxd3 38. Qe4 Rd1 39. Re1 Rxe1 40.
Qxe1 Nd7 41. Re4 Rc1 42. Qe2 Rc5 43. Nd2 Rxe5 44. Nf3 Rc5 45. Kg2 Qc6 46. Nd4
Qd5 47. Nf3 Rc3 48. Rd4 Qc6 49. Qe4 Qxe4 50. Rxe4 Kf8 51. Ne5 Nc5 52. Rb4 f6 53.
Nc4 Rc2 54. Nxb6 Nd3 55. Rb3 Nxf2 56. Ra3 Ne4+ 57. Kg1 Nc5 58. a5 Na6 59. h5 Ke7
60. Ra4 Kd6 61. Rg4 Rc7 62. Nc4+ Kc5 63. Na3 f5 64. Rc4+ Kd5 65. Rxc7 Nxc7 66.
Kf2 Kc5 67. Nc2 Kb5 68. Kf3 {Black forfeits on time} 1-0  aics%

[Event "Team 45 45 League T31"]
[Site "Internet Chess Club"]
[Date "2006.07.15"]
[Round "4"]
[White "jonesey"]
[Black "PvsNP"]
[Result "1-0"]
[WhiteElo "2027"]
[BlackElo "1899"]
[TimeControl "2700+45"]

1. e4 d6 2. d4 Nf6 3. f3 g6 4. c4 Bg7 5. Nc3 c6 6. Be3 O-O 7. Qd2 a6 8. Bh6 b5
9. h4 Nbd7 10. h5 Nxh5 11. Rxh5 Bxh6 12. Rxh6 Kg7 13. Rh1 h5 14. g4 Rh8 15. gxh5
Nf6 16. h6+ Kf8 17. O-O-O b4 18. Nce2 a5 19. e5 Nh5 20. Qg5 Bf5 21. Rxh5 gxh5
22. Qg7+ {Black resigns} 1-0  aics%

[Event "Team 45 45 League T31"]
[Site "Internet Chess Club"]
[Date "2006.07.16"]
[Round "4"]
[White "Chief-Justice"]
[Black "vaibhav"]
[Result "0-1"]
[WhiteElo "1896"]
[BlackElo "2019"]
[TimeControl "2700+45"]

1. Nf3 Nf6 2. d4 g6 3. g3 Bg7 4. Bg2 d6 5. O-O O-O 6. Nbd2 c5 7. dxc5 dxc5 8.
Nb3 Qc7 9. Bf4 Qb6 10. Ne5 Be6 11. Qd3 Rd8 12. Qc3 Na6 13. Qa5 Bd5 14. Qxb6 axb6
15. Nf3 Nh5 16. c3 Nxf4 17. gxf4 Rd7 18. Ne5 Bxe5 19. fxe5 Bxg2 20. Kxg2 Rad8
21. f4 Nc7 22. Kf2 Nd5 23. e3 f6 24. exf6 exf6 25. Rad1 Rd6 26. a3 Nxc3 27. Rxd6
Ne4+ 28. Kf3 Nxd6 29. Rd1 Kf7 30. a4 Ke7 31. a5 c4 32. Nd4 bxa5 33. e4 Nb5 34.
Ke3 Nxd4 35. Rxd4 Rxd4 36. Kxd4 b5 37. Kc5 a4 38. h4 {White resigns} 0-1  aics%

[Event "Team 45 45 League T31"]
[Site "Internet Chess Club"]
[Date "2006.07.15"]
[Round "4"]
[White "Qualm"]
[Black "crispin"]
[Result "1/2-1/2"]
[WhiteElo "1799"]
[BlackElo "1796"]
[TimeControl "2700+45"]

1. e4 e5 2. Nf3 Nf6 3. Nc3 Nc6 4. d4 exd4 5. Nd5 Nxd5 6. exd5 Bb4+ 7. Bd2 Bxd2+
8. Qxd2 Qe7+ 9. Be2 Ne5 10. O-O-O c5 11. dxc6 dxc6 12. Qxd4 Nxf3 13. Bxf3 O-O
14. Rhe1 Be6 15. Qd6 {Game drawn by mutual agreement} 1/2-1/2  aics%